Map: Overgrowth LE (Void)

Players

LiquidMaNa (MaNa) - Winner!

  • Race: Protoss Protoss
  • League: Grandmaster
  • Spawn Location: 1:00

Stephano

  • Race: Zerg Zerg
  • League: Grandmaster
  • Spawn Location: 7:00

Event: NationWars IV

VOD

Have the link to the VOD?

Description

Time

  • Played on: Jan. 6, 2017, 3:52 p.m.
  • Length: 6:53
Show
View Real Time Build Order
Export as new Build Order

LiquidMaNa Protoss - Winner!

Build Orders: 1 Gate Expand, Zealot Archon, Dark Templar Rush 

Get SALT Encoding   

  12  0:00  Probe (Chrono Boost)  
  13  0:11  Probe (Chrono Boost)  
  14  0:18  Pylon  
  14  0:22  Probe (Chrono Boost)  
  15  0:36  Probe (Chrono Boost)  
  16  0:43  Gateway  
  16  0:47  Probe (Chrono Boost)  
  17  0:52  Assimilator  
  17  0:57  Probe (Chrono Boost)  
  18  1:08  Probe (Chrono Boost)  
  19  1:26  Nexus  
  19  1:30  Cybernetics Core  
  19  1:34  Probe (Chrono Boost)  
  19  1:39  Assimilator  
  20  1:45  Probe (Chrono Boost)  
  21  1:49  Pylon  
  21  1:55  Probe (Chrono Boost)  
  22  2:06  Adept  
  22  2:07  Probe (Chrono Boost)  
  23  2:09  Warp Gate  
  25  2:18  Probe (Chrono Boost)  
  26  2:29  Mothership Core (Chrono Boost)  
  28  2:38  Twilight Council  
  28  2:40  Probe (Chrono Boost)  
  31  2:47  Probe (Chrono Boost)  
  31  2:51  Probe (Chrono Boost)  
  31  2:58  Probe (Chrono Boost)  
  32  3:01  Robotics Facility  
  32  3:02  Probe (Chrono Boost)  
  33  3:08  Probe (Chrono Boost)  
  33  3:12  Probe (Chrono Boost)  
  36  3:20  Probe (Chrono Boost)  
  36  3:23  Probe (Chrono Boost)  
  36  3:25  Dark Shrine  
  37  3:32  Probe (Chrono Boost)  
  37  3:33  Probe (Chrono Boost)  
  39  3:42  Probe (Chrono Boost)  
  39  3:43  Warp Prism  
  39  3:44  Probe (Chrono Boost)  
  39  3:47  Pylon  
  43  3:53  Probe (Chrono Boost)  
  45  3:56  Probe (Chrono Boost)  
  45  3:57  Gateway  
  45  3:58  Gateway  
  45  3:59  Gateway  
  45  4:03  Assimilator  
  45  4:05  Assimilator  
  45  4:06  Probe (Chrono Boost)  
  47  4:10  Probe (Chrono Boost)  
  47  4:13  Pylon  
  46  4:17  Probe (Chrono Boost)  
  46  4:19  Adept  
  46  4:21  Probe (Chrono Boost)  
  50  4:28  Probe (Chrono Boost)  
  51  4:32  Probe (Chrono Boost)  
  53  4:43  Pylon  
  52  4:53  Dark Templar x4  
  52  4:56  Nexus  
  52  4:59  Probe (Chrono Boost)  
  60  5:02  Probe (Chrono Boost)  
  61  5:07  Observer  
  61  5:09  Probe (Chrono Boost)  
  61  5:13  Probe (Chrono Boost)  
  64  5:20  Probe (Chrono Boost)  
  65  5:23  Immortal, Pylon  
  65  5:24  Pylon  
  65  5:26  Probe (Chrono Boost)  
  70  5:42  Probe (Chrono Boost)  
  71  5:43  Sentry x4  
  71  5:44  Pylon x2  
  71  5:47  Gateway  
  71  5:49  Gateway  
  78  5:57  Immortal  
  82  6:04  Probe (Chrono Boost)  
  82  6:06  Probe (Chrono Boost)  
  84  6:22  Probe (Chrono Boost)  
  85  6:27  Archon x2  
  85  6:29  Adept  
  85  6:30  Adept x3  
  85  6:32  Probe (Chrono Boost)  
  96  6:33  Probe x2 (Chrono Boost)  
  100  6:42  Probe (Chrono Boost)  
Show
View Real Time Build Order
Export as new Build Order

Stephano Zerg 

Build Orders: Pool First 

Get SALT Encoding   

  12  0:00  Drone  
  13  0:12  Overlord  
  13  0:17  Drone  
  14  0:31  Drone x2  
  14  0:34  Drone  
  17  0:50  Drone  
  17  0:53  Spawning Pool  
  17  0:56  Drone  
  18  1:11  Hatchery  
  17  1:14  Drone  
  18  1:19  Drone  
  18  1:21  Extractor  
  18  1:31  Overlord  
  18  1:39  Queen  
  20  1:40  Zergling x2  
  21  1:50  Drone  
  22  2:00  Drone  
  23  2:15  Hatchery, Queen  
  24  2:20  Drone  
  25  2:24  Metabolic Boost  
  25  2:28  Drone  
  26  2:39  Zergling x2  
  26  2:40  Zergling x2  
  26  2:41  Drone  
  26  2:44  Drone  
  30  2:50  Drone x3  
  33  2:54  Overlord  
  32  2:59  Drone x2  
  34  3:06  Drone  
  34  3:11  Queen  
  37  3:13  Drone  
  37  3:17  Zergling x2  
  37  3:19  Zergling x2  
  40  3:21  Drone x3  
  40  3:23  Drone  
  40  3:25  Overlord  
  44  3:28  Drone  
  44  3:30  Drone x2  
  47  3:35  Drone  
  47  3:38  Drone  
  47  3:39  Drone  
  50  3:43  Drone, Queen  
  50  3:46  Extractor  
  52  3:53  Roach Warren  
  52  3:54  Drone x3  
  54  3:56  Drone x2  
  54  4:00  Drone x2  
  58  4:04  Overlord  
  58  4:14  Overlord  
  58  4:24  Extractor, Overlord  
  58  4:25  Drone  
  58  4:28  Drone x2  
  60  4:33  Overlord  
  60  4:34  Roach  
  60  4:35  Roach x6  
  74  4:41  Overlord  
  74  4:49  Spore Crawler  
  74  4:50  Spore Crawler  
  74  4:52  Roach, Spore Crawler  
  75  4:53  Roach x3  
  75  4:54  Drone x3  
  82  5:03  Drone x6  
  82  5:10  Spore Crawler  
  82  5:13  Extractor  
  80  5:27  Hatchery  
  79  5:30  Spawning Pool  
  78  5:37  Ravager x3  
  78  5:39  Roach x2  
  78  5:42  Drone x5  
  89  6:00  Drone x3  
  91  6:04  Overlord x2  
  88  6:16  Drone x4  
  84  6:24  Zergling x8  
  84  6:25  Roach Warren  
  83  6:31  Zergling x2  
Tags
 
Add a new tag
Caveats
  • Supply blocks, unpowered buildings, or Contaminate may cause inaccurate times.
  • Supply counts are checked every 10 seconds.